 Dungeon Crawl Stone Soup version 0.29.1-2-gbd0b4ee654 (webtiles) character file.

Game seed: 10068528217530469782

17 Mitcholas the Cudgeller (level 2, 0/39 HPs)
             Began as a Minotaur Berserker on Nov 6, 2022.
             Was a Follower of Trog.
             Slain by a gnoll
             ... wielding a +0 flail
              (13 damage)
             ... on level 1 of the Dungeon.
             The game lasted 00:04:29 (249 turns).

Mitcholas the Cudgeller (Minotaur Berserker)         Turns: 249, Time: 00:04:30

Health: 0/39       AC:  2    Str: 21    XL:     2   Next: 44%
Magic:  1/1        EV: 12    Int:  4    God:    Trog [*.....]
Gold:   0          SH:  0    Dex:  9    Spells: 1/1 levels left

rFire   . . .      SeeInvis .   a - +0 mace
rCold   . . .      Faith    .   (no shield)
rNeg    . . .      Spirit   .   b - +0 animal skin
rPois   .          Reflect  .   (helmet restricted)
rElec   .          Harm     .   (no cloak)
rCorr   .          Rampage  .   (no gloves)
Will    .....                   (no boots)
Stlth   ..........              (no amulet)
HPRegen 0.13/turn               (no ring)
MPRegen 0.07/turn               (no ring)

@: berserking, very quick
A: horns 2, retaliatory headbutt
a: Renounce Religion, Berserk


You were on level 1 of the Dungeon.
You worshipped Trog.
Trog was aware of your devotion.
You visited 1 branch of the dungeon, and saw 1 of its levels.

Inventory:

Hand Weapons
 a - a +0 mace (weapon)
Missiles
 d - 7 stones (quivered)
Armour
 b - a +0 animal skin (worn)
Potions
 c - a potion of heal wounds {unknown}
 e - a potion of lignification {unknown}


   Skills:
 - Level 3.6 Fighting
 * Level 4.7 Maces & Flails
 - Level 2.4 Armour
 - Level 2.1 Dodging


You had one spell level left.
You didn't know any spells.
Your spell library was empty.

Dungeon Overview and Level Annotations

Branches:
Dungeon (1/15)

Altars:


Innate Abilities, Weirdness & Mutations

You have a pair of horns on your head.
You reflexively headbutt those who attack you in melee.


Message History

You kill the kobold!
Trog accepts your kill.
Things that are here:
a +0 club; a kobold corpse HP restored.
Found a stone staircase leading down.
You thump the giant cockroach!
You kill the giant cockroach!
Trog accepts your kill.
A bat, a quokka and a gnoll come into view.
You hit the quokka but do no damage. Your headbutt misses the quokka.
The quokka closely misses you.
You barely miss the quokka. You headbutt the quokka.
You kill the quokka!
Trog accepts your kill.
You see here a quokka corpse.
You see here a giant cockroach corpse.
You see here a quokka corpse.
The bat barely misses you. The bat hits you.
The bat hits you but does no damage. The bat attacks as you move away!
The bat hits you but does no damage. x2
The bat misses you. You furiously retaliate!
You headbutt the bat!
You kill the bat!
Trog accepts your kill.
You see here a bat corpse.
The gnoll shouts!
You see here a bat corpse.
You start waiting.
A gnoll is nearby!
You hit the gnoll but do no damage. The gnoll hits you with a +0 flail!
A red film seems to cover your vision as you go berserk!
You feel yourself moving faster!
You feel mighty! The gnoll hits you with a +0 flail!
You sock the gnoll!
The gnoll is severely wounded.
The gnoll barely misses you.
You hit the gnoll.
The gnoll is almost dead.
The gnoll hits you with a +0 flail!
You die...

#....# #####....#
#### #........#
#.######.# #.# ###
#.# ##.. #)#
#...#############.#
#.g.#.............#
#...#@##........###
...#...#g##........#
#.......##†.......#
####.#............#
......#.#†........#
#######.##...######
#.####...# #.#
###..# #.# #.#


You could see a gnoll.

Vanquished Creatures
  A ball python (D:1)
  2 bats (D:1)
  A giant cockroach (D:1)
  2 hobgoblins (D:1)
  2 jackals (D:1)
  3 kobolds (D:1)
  A quokka (D:1)
  A goblin (D:1)
13 creatures vanquished.

Notes
Turn   | Place    | Note
-------+----------+-------------------------------------------
     0 | D:1      | Mitcholas the Minotaur Berserker began the quest for the
                  | Orb.
     0 | D:1      | Reached XP level 1. HP: 19/19 MP: 0/0
    96 | D:1      | Reached skill level 4 in Maces & Flails
   127 | D:1      | Reached XP level 2. HP: 26/26 MP: 1/1
   249 | D:1      | Slain by a gnoll

Illustrated notes

Levels and vault maps discovered:
D:1:      kennysheep_arrival_seaside, layout_basic

Skill      XL: |  1 |
---------------+----+-----
Maces & Flails | 4 |  4.7
Fighting       | |  3.6
Armour         | |  2.4
Dodging        | |  2.1

Action                   || total
-------------------------++-------
Melee: Mace              ||    31
       Headbutt          ||     4
Throw: Stone             ||     1
Invok: Berserk           ||     1
Armor: Animal skin       ||    10
Dodge: Dodged            ||    23
